 Dungeon Crawl Stone Soup version 0.27.1-2-g3b301248ec (webtiles) character file.

Game seed: 143348142097784842

0 vvl the Insei (level 1, -3/15 HPs)
             Began as a Demonspawn Transmuter on Sept 24, 2021.
             Slain by a kobold (5 damage)
             ... on level 1 of the Dungeon.
             The game lasted 00:00:43 (47 turns).

vvl the Insei (Demonspawn Transmuter)                 Turns: 47, Time: 00:00:44

Health: -3/15      AC:  2    Str: 10    XL:     1   Next: 8%
Magic:  2/3        EV: 12    Int: 14    God:
Gold:   0          SH:  0    Dex: 13    Spells: 3/4 levels left

rFire    . . .     SeeInvis .     - Unarmed
rCold    . . .     Faith    .   (no shield)
rNeg     . . .     Spirit   .   a - +0 robe
rPois    .         Reflect  .   (helmet currently unavailable)
rElec    .         Harm     .   (no cloak)
rCorr    .         Rampage  .   (no gloves)
Will     .....                  (boots currently unavailable)
Stlth    +.........             (no amulet)
HPRegen  0.05/turn              (no ring)
MPRegen  0.08/turn              (no ring)

@: appendages
A: horns 2, talons 2
a: End Transformation


You were on level 1 of the Dungeon.
You had temporarily grown beastly horns and talons.
You visited 1 branch of the dungeon, and saw 1 of its levels.

Inventory:

Armour
 a - a +0 robe (worn)


   Skills:
 + Level 1.0 Fighting
 + Level 1.7 Dodging
 + Level 2.6 Unarmed Combat
 + Level 2.0 Spellcasting
 + Level 1.8 Transmutations
 + Level 0.0 Ice Magic
 + Level 0.0 Invocations


You had 3 spell levels left.
You knew the following spells:

 Your Spells              Type           Power      Damage    Failure   Level
a - Beastly Appendage     Tmut           12%        N/A       12%         1

Your spell library contained the following spells:

 Spells                   Type           Power      Damage    Failure   Level
 Wereblood                Tmut           6%         N/A       17%         2
 Spider Form              Tmut/Pois      1%         N/A       45%         3
 Ice Form                 Ice/Tmut       3%         N/A       86%         4


Dungeon Overview and Level Annotations

Branches:
Dungeon (1/15)

Altars:


Innate Abilities, Weirdness & Mutations

You have temporarily grown beastly horns and talons.


Message History

The kobold is heavily wounded.
The kobold closely misses you.
A rat comes into view.
You closely miss the kobold.
The kobold is heavily wounded.
The kobold barely misses you.
You miss the kobold.
The kobold is heavily wounded.
The kobold hits you with a +2 short sword of protection.
You hit the kobold but do no damage.
The kobold is heavily wounded.
The kobold misses you.
You barely miss the kobold.
The kobold is heavily wounded.
The kobold hits you with a +2 short sword of protection.
You hit the kobold but do no damage.
The kobold is heavily wounded.
The kobold hits you with a +2 short sword of protection.
You closely miss the kobold.
The kobold is heavily wounded.
The kobold hits you with a +2 short sword of protection.
* * * LOW HITPOINT WARNING * * *
You are too injured to fight recklessly!
Things that are here:
a +0 whip; a kobold corpse
Casting: Beastly Appendage (safe; 12% risk of failure)
Confirm with . or Enter, or press ? or * to list all spells.
You grow a pair of large bovine horns.
Your feet morph into talons.
The kobold barely misses you.
You hit the kobold but do no damage. You claw the kobold, but do no damage.
The kobold is heavily wounded.
You barely miss the kobold. You claw the kobold, but do no damage.
Your headbutt misses the kobold.
The kobold is heavily wounded.
The kobold hits you with a +2 short sword of protection.
* * * LOW HITPOINT WARNING * * *
You hit the kobold but do no damage. Your punch misses the kobold.
The kobold is heavily wounded.
The kobold hits you with a +2 short sword of protection.
You die...

..# #.# #.. #
#.#
##.#.##.#####.##
#..............
#.# .# #.#####.#
#rK@....#
#####.### #.#
#.# #.# #.# #.##
#..#
##.#########


You could see a kobold and a rat.

Vanquished Creatures
  A kobold (D:1)
1 creature vanquished.

Notes
Turn   | Place    | Note
-------+----------+-------------------------------------------
     0 | D:1      | vvl the Demonspawn Transmuter began the quest for the Orb.
     0 | D:1      | Reached XP level 1. HP: 15/15 MP: 3/3
    47 | D:1      | Slain by a kobold

Illustrated notes

Levels and vault maps discovered:
D:1:      lightli_arrival_flooded_house, layout_loops_cross,
          minmay_misc_feat_pillars, kennysheep_pointless_box,
          minmay_pentomino_v2

Action                   || total
-------------------------++-------
Melee: Unarmed           ||    12
       Kick              ||     2
 Cast: Beastly Appendage ||     1
Dodge: Dodged            ||     6
